 Dungeon Crawl Stone Soup version 0.21.1-1-g345015f (webtiles) character file.

4426 wojtek the Cleaver (level 10, -2/90 HPs)
             Began as a Minotaur Fighter on Mar 31, 2018.
             Was a Follower of Makhleb.
             Killed from afar by a wizard (18 damage)
             ... with a bolt of cold
             ... on level 8 of the Dungeon.
             The game lasted 00:11:48 (8328 turns).

wojtek the Cleaver (Minotaur Fighter)               Turns: 8328, Time: 00:11:49

Health: -2/90      AC: 19    Str: 24    XL:     10   Next: 14%
Magic:  10/10      EV: 10    Int:  5    God:    Makhleb [*.....]
Gold:   534        SH:  0    Dex: 10    Spells: 9/9 levels left

rFire    . . .     SeeInvis .   E - +1 war axe
rCold    . . .     Gourm    .   (no shield)
rNeg     . . .     Faith    .   F - +0 plate armour
rPois    .         Spirit   .   (helmet restricted)
rElec    .         Reflect  .   w - +1 cloak
rCorr    .         Harm     .   h - +0 pair of gloves
MR       .....                  y - +0 pair of boots
Stlth    ..........             (no amulet)
HPRegen  0.25/turn              (no ring)
MPRegen  0.12/turn              (no ring)

@: no status effects
A: retaliatory headbutt, horns 2
a: Renounce Religion


You were on level 8 of the Dungeon.
You worshipped Makhleb.
Makhleb was aware of your devotion.
You were not hungry.

You visited 2 branches of the dungeon, and saw 9 of its levels.
You also visited: Ossuary.

You collected 534 gold pieces.

Inventory:

Hand Weapons
 a - a +0 battleaxe
 E - a +1 war axe (weapon)
 H - the +3 Elemental Staff {rElec rF++ rC++ MR++ AC+5}
   (You found it on level 7 of the Dungeon)

   It affects your AC (+5).
   It greatly protects you from fire.
   It greatly protects you from cold.
   It insulates you from electricity.
   It affects your resistance to hostile enchantments.
Armour
 c - a +0 shield
 h - a +0 pair of gloves (worn)
 q - a +0 chain mail
 w - a +1 cloak (worn)
 y - a +0 pair of boots (worn)
 F - a +0 plate armour (worn)
Jewellery
 I - an uncursed ring of fire {unknown}
Wands
 z - a wand of paralysis (13)
 A - a wand of enslavement (7)
 D - a wand of polymorph (15)
 G - a wand of iceblast (9)
Scrolls
 e - 5 scrolls of enchant weapon
 g - 8 scrolls of remove curse
 i - 6 scrolls of identify
 k - 6 scrolls of teleportation {unknown}
 n - 2 scrolls of blinking {unknown}
 o - a scroll of immolation {unknown}
 r - 2 scrolls of fear {unknown}
 u - 3 scrolls of amnesia {unknown}
Potions
 b - 2 potions of brilliance {unknown}
 d - 5 potions of might
 j - a potion of cancellation {unknown}
 l - a potion of magic {unknown}
 m - 3 potions of heal wounds
 p - 4 potions of curing
 s - a potion of flight {unknown}
 t - a potion of invisibility
 x - 2 potions of lignification {unknown}
 B - 2 potions of agility {unknown}
 C - 2 potions of resistance {unknown}
Books
 v - a book of Necromancy

   Spells                             Type                      Level
   a - Pain                           Necromancy                   1
   b - Animate Skeleton               Necromancy                   1
   c - Vampiric Draining              Necromancy                   3
   d - Regeneration                   Charms/Necromancy            3
   e - Animate Dead                   Necromancy                   4
   f - Borgnjor's Vile Clutch         Necromancy/Earth             5
Comestibles
 f - 16 rations
 J - 6 chunks of flesh


   Skills:
 + Level 8.7 Fighting
 - Level 11.0 Axes
 + Level 8.7 Armour
 + Level 7.1 Dodging
 - Level 3.6 Shields
 * Level 2.3 Invocations


You had 9 spell levels left.
You didn't know any spells.

Dungeon Overview and Level Annotations

Branches:
Dungeon (8/15)             Temple (1/1) D:7
   Lair: D:8-11

Altars:
Ashenzari
Dithmenos
Elyvilon
Fedhas
Gozag
Hepliaklqana
Kikubaaqudgha
Makhleb
Okawaru
Qazlal
Ru
Sif Muna
Trog
Uskayaw
Vehumet
Wu Jian
Xom
Zin
Lugonu

Annotations:
D:8 exclusion: orc sorcerer, Totori's ghost, novice DrIE


Innate Abilities, Weirdness & Mutations

You reflexively headbutt those who attack you in melee.
You have a pair of horns on your head.


Message History

The wizard is heavily wounded.
The wizard casts a spell at you. The bolt of cold hits you!
The wizard hits you but does no damage.
You completely miss the wizard. Your headbutt misses the wizard.
The wizard is heavily wounded.
The wizard gestures at you while chanting.
The crystal spear hits you!
Ouch! That really hurt!
* * * LOW HITPOINT WARNING * * *
You are too injured to fight recklessly!
You are too injured to fight recklessly!
You barely miss the wizard.
The wizard is heavily wounded.
The wizard hits you but does no damage.
Unknown command.
You closely miss the wizard. You headbutt the wizard!
The wizard is severely wounded.
The wizard gestures at you while chanting.
The bolt of cold hits you!
You die...

..≈≈≈≈≈≈≈..!...## ..#
#.........#....p##..###.
........................
#.###..#.##..#.####.
##...#..#.###.#.# #....#..#.#
#.<.# .. # #....#..#.# ##..# #
#.. #.#....#..#.####p.####... ...
#.#..#.#.......@........# #..
##.#..#.#..#................. ...
.........................#....#..
............####.#>###...#....#..
####..#.###.# #.#.# ...#....#..
#.(### #.# ..... .......... #..#
#.. ................... #..#
#.######.###........... #..# #.#
#... ............


You could see a wizard.

Vanquished Creatures
  Pikel (D:6)
  Grinder (D:4)
  3 hippogriffs
  A basilisk (D:7)
  Menkaure (D:7)
  Edmund (D:4)
  Duvessa (D:4)
  Purgy (D:4)
  An orc warrior (D:6)
  A black bear (D:6)
  An ice beast (D:8)
  2 necrophages
  A phantom (D:5)
  3 centaurs
  Blork the orc (D:4)
  5 bullfrogs
  2 elf zombies (Ossuary)
  Dowan (D:4)
  A killer bee (D:7)
  A crimson imp (D:6)
  4 centaur zombies
  A bullfrog zombie (D:5)
  A quasit (D:2)
  A jelly (D:8)
  5 hounds
  3 human zombies (Ossuary)
  A gnoll shaman (D:6)
  3 orc priests
  Crazy Yiuf (D:4)
  6 orc wizards
  2 bullfrog skeletons
  An iguana (D:5)
  Natasha (thrice) (D:3)
  Ijyb (D:5)
  A worker ant (D:4)
  A big kobold zombie (Ossuary)
  2 hound zombies (D:5)
  2 mummies (Ossuary)
  3 gnolls (D:6)
  5 adders
  A shadow imp (D:6)
  An ooze (D:3)
  2 adder skeletons
  2 adder zombies
  5 worms
  3 dart slugs
  7 leopard geckos
  14 orcs
  6 giant cockroaches
  9 hobgoblins
  9 jackals
  7 quokkas
  2 ball pythons
  9 bats
  6 frilled lizards
  8 goblins
  2 goblin zombies (Ossuary)
  10 hobgoblin zombies (Ossuary)
  2 jackal zombies (Ossuary)
  4 kobolds
  10 kobold zombies (Ossuary)
  A leopard gecko skeleton (D:6)
  2 leopard gecko zombies
  4 orc zombies (Ossuary)
  6 rats
209 creatures vanquished.

Vanquished Creatures (collateral kills)
  A killer bee (D:7)
  A worker ant (D:7)
2 creatures vanquished.

Vanquished Creatures (others)
  A slave (D:6)
  A human (D:7)
  2 killer bees (D:7)
  A worker ant (D:6)
5 creatures vanquished.

Grand Total: 216 creatures vanquished

Notes
Turn   | Place    | Note
-------+----------+-------------------------------------------
     0 | D:1      | wojtek the Minotaur Fighter began the quest for the Orb.
     0 | D:1      | Reached XP level 1. HP: 19/19 MP: 0/0
    85 | D:1      | Reached skill level 3 in Axes
   244 | D:1      | Reached XP level 2. HP: 26/26 MP: 1/1
   299 | D:1      | Reached skill level 4 in Axes
   649 | D:2      | Reached XP level 3. HP: 31/31 MP: 2/2
   824 | D:2      | Reached skill level 5 in Axes
   870 | D:2      | Reached XP level 4. HP: 39/39 MP: 3/3
   932 | D:2      | Found an ancient bone altar of Kikubaaqudgha.
  1086 | D:2      | Reached skill level 6 in Axes
  1279 | D:2      | Reached XP level 5. HP: 37/45 MP: 4/4
  1663 | D:3      | Noticed Natasha
  1672 | D:3      | Killed Natasha
  1672 | D:3      | Reached skill level 7 in Axes
  1734 | D:3      | Noticed Natasha
  1741 | D:3      | Killed Natasha
  1743 | D:3      | Found a glowing silver altar of Zin.
  1745 | D:3      | Noticed an angel
  1768 | D:3      | Found an ornate altar of the Wu Jian Council.
  1897 | D:3      | Noticed Natasha
  1900 | D:3      | Killed Natasha
  1900 | D:3      | Reached XP level 6. HP: 51/51 MP: 5/5
  2105 | D:3      | Found a bloodstained altar of Trog.
  2261 | D:4      | Noticed Edmund
  2282 | D:4      | Killed Edmund
  2282 | D:4      | Reached skill level 8 in Axes
  2302 | D:4      | Found a blossoming altar of Fedhas.
  2308 | D:4      | Noticed Blork the orc
  2317 | D:4      | Killed Blork the orc
  2317 | D:4      | Reached skill level 9 in Axes
  2359 | D:4      | Noticed Duvessa
  2359 | D:4      | Noticed Dowan
  2374 | D:4      | Killed Duvessa
  2374 | D:4      | Reached XP level 7. HP: 24/57 MP: 6/6
  2389 | D:4      | Killed Dowan
  2423 | D:4      | Found a white marble altar of Elyvilon.
  2428 | D:4      | Noticed Purgy
  2500 | D:4      | Found a sand-covered staircase.
  2516 | Ossuary  | Entered an ossuary
  2797 | Ossuary  | Reached skill level 10 in Axes
  3024 | Ossuary  | Reached skill level 11 in Axes
  3044 | Ossuary  | Reached XP level 8. HP: 54/66 MP: 7/7
  3114 | D:4      | Found a runed door.
  3162 | D:4      | Killed Purgy
  3162 | D:4      | Reached skill level 1 in Dodging
  3246 | D:4      | Noticed Grinder
  3261 | D:4      | Killed Grinder
  3918 | D:4      | Noticed Crazy Yiuf
  3924 | D:4      | Killed Crazy Yiuf
  3956 | D:5      | Entered Level 5 of the Dungeon
  3988 | D:5      | Reached skill level 5 in Fighting
  3988 | D:5      | Reached skill level 5 in Armour
  4188 | D:5      | Noticed Ijyb
  4203 | D:5      | Killed Ijyb
  4316 | D:5      | Found an opulent altar of Gozag.
  4316 | D:5      | Found a radiant altar of Vehumet.
  4316 | D:5      | Found an iron altar of Okawaru.
  4521 | D:6      | Found a shattered altar of Ashenzari.
  4538 | D:6      | Noticed Pikel
  4556 | D:6      | Killed Pikel
  4556 | D:6      | Reached XP level 9. HP: 77/78 MP: 8/8
  4560 | D:6      | Reached skill level 5 in Dodging
  5461 | D:7      | Found a deep blue altar of Sif Muna.
  5716 | D:7      | Found the +3 Elemental Staff {rElec rF++ rC++ MR++ AC+5}
  5901 | D:7      | Noticed Menkaure
  6289 | D:7      | Killed Menkaure
  6910 | D:7      | Found an ancient bone altar of Kikubaaqudgha.
  7141 | D:7      | Found a staircase to the Ecumenical Temple.
  7222 | Temple   | Entered the Ecumenical Temple
  7253 | Temple   | Became a worshipper of Makhleb the Destroyer
  7352 | D:8      | Noticed Totori's ghost (novice DrIE)
  7366 | D:7      | Reached skill level 1 in Invocations
  7366 | D:7      | Reached XP level 10. HP: 40/90 MP: 9/9
  8198 | D:8      | Reached * piety under Makhleb
  8240 | D:8      | Noticed an orc sorcerer
  8241 | D:8      | Noticed a wizard
  8241 | D:8      | Noticed a wizard
  8328 | D:8      | Killed from afar by a wizard

Skill      XL: |  1  2  3  4  5  6  7  8  9 10 |
---------------+-------------------------------+-----
Axes           | 3 4 5 6 7 9 11 | 11.0
Fighting       | 6 8 |  8.7
Armour         | 6 8 |  8.7
Dodging        | 4 6 7 |  7.1
Invocations    | 1 2 |  2.3
Shields        | |  3.6

Action                   |  1- 3 |  4- 6 |  7- 9 | 10-12 || total
-------------------------+-------+-------+-------+-------++-------
Melee: War axe           |    97 |   145 |   309 |    55 ||   606
       Headbutt          |    10 |    25 |    72 |     8 ||   115
       Battleaxe         |       |       |    33 |       ||    33
       Staff             |       |       |    11 |       ||    11
Evoke: Wand              |       |       |     2 |       ||     2
  Use: Scroll            |     2 |     1 |       |       ||     3
       Potion            |       |       |     1 |       ||     1
  Eat: Chunk             |       |     5 |    12 |     4 ||    21
       Ration            |       |       |     1 |       ||     1
Armor: Scale mail        |    42 |    45 |       |       ||    87
       Chain mail        |       |     6 |   113 |       ||   119
       Plate armour      |       |       |    88 |    48 ||   136
Dodge: Dodged            |    31 |    43 |    98 |    23 ||   195
Block: Shield            |    54 |    64 |    82 |       ||   200
